 Dungeon Crawl Stone Soup version 0.26-b1-45-g23770d1d51 (webtiles) character file.

Game seed: 16362024073461897639

181 DocSulfur the Ruffian (level 5, -1/42 HPs)
             Began as a Draconian Transmuter on Jan 6, 2021.
             Slain by Natasha (5 damage)
             ... on level 2 of the Dungeon.
             The game lasted 00:03:02 (2219 turns).

DocSulfur the Ruffian (Draconian Transmuter)        Turns: 2219, Time: 00:03:04

Health: -1/42      AC:  5    Str: 13    XL:     5   Next: 34%
Magic:  7/9        EV: 12    Int: 13    God:
Gold:   53         SH:  0    Dex: 12    Spells: 6/9 levels left

rFire    . . .     SeeInvis .     - Unarmed
rCold    . . .     Faith    .   (no shield)
rNeg     . . .     Spirit   .   (armour unavailable)
rPois    .         Reflect  .   (helmet restricted)
rElec    .         Harm     .   (no cloak)
rCorr    .         Rampage  .   (no gloves)
Will     .....                  (no boots)
Stlth    +.........             (no amulet)
HPRegen  0.14/turn              (no ring)
MPRegen  0.11/turn              (no ring)

@: no status effects
A: unfitting armour, cold-blooded, AC +5
a: no special abilities


You were on level 2 of the Dungeon.
You visited 1 branch of the dungeon, and saw 2 of its levels.

You collected 53 gold pieces.

Inventory:

Missiles
 c - 84 stones (quivered)
 d - 32 arrows
 e - 2 throwing nets
Scrolls
 b - 5 scrolls of identify {unknown}
Potions
 f - a potion of lignification {unknown}
 g - a potion of haste {unknown}


   Skills:
 + Level 2.4 Fighting
 - Level 1.7 Dodging
 * Level 4.2 Unarmed Combat
 + Level 2.7 Spellcasting
 * Level 3.5 Transmutations


You had 6 spell levels left.
You knew the following spells:

 Your Spells              Type           Power        Failure   Level
a - Beastly Appendage     Tmut           22%          5%          1
b - Wereblood             Tmut           11%          9%          2

Your spell library contained the following spells:

 Spells                   Type           Power        Failure   Level
 Spider Form              Tmut/Pois      3%           34%         3
 Ice Form                 Ice/Tmut       6%           75%         4
 Blade Hands              Tmut           5%           83%         5


Dungeon Overview and Level Annotations

Branches:
Dungeon (2/15)

Altars:
Elyvilon

Annotations:
D:2 Natasha


Innate Abilities, Weirdness & Mutations

Your plain brown scales are hard. (AC +5)
You cannot fit into any form of body armour.
You are cold-blooded and may be slowed by cold attacks.


Message History

You closely miss Natasha. You claw Natasha, but do no damage.
You headbutt Natasha!
Natasha is almost dead.
Your transformation is almost over.
The crimson imp blinks!
Natasha drinks a potion.
Natasha is healed!
You closely miss Natasha.
Natasha is moderately wounded.
Natasha claws you.
* * * LOW HITPOINT WARNING * * *
You miss Natasha. Your kick misses Natasha. You headbutt Natasha.
Natasha is heavily wounded.
Natasha claws you.
* * * LOW HITPOINT WARNING * * *
It was a potion of cancellation.
Your magical effects are unravelling.
You feel magically purged.
Your horns disappear.
Your talons disappear.
Your primal bloodlust has ended.
The crimson imp hits you but does no damage.
Natasha claws you.
You die...

#.#....### #.##....# ###.##.#...#
#.#####.#####
#.._...###.#######.# #.....#
#.#.#....#.....##..# #####.##
#.#...............## #..#
#................## ##.#
##...............# #.#
#.÷..........h..###### #..
#.÷........)5@.......#########
#..........).........##.......
####..>....................######
....#...................#### #.
###.....................# #.
#######.#.............########.
##.).##########..<....##..
##...## ######...... ######..#.#
#.....#


You could see Natasha and a crimson imp (summoned).

Vanquished Creatures
  Jessica (D:2)
  Natasha (twice) (D:2)
  4 adders (D:2)
  2 oozes (D:2)
  A worm (D:2)
  3 dart slugs
  2 leopard geckos
  A ball python (D:2)
  3 giant cockroaches
  4 goblins
  2 hobgoblins (D:2)
  8 jackals (D:2)
  2 quokkas (D:2)
  4 bats (D:1)
  A frilled lizard (D:2)
  7 kobolds
  2 rats (D:1)
49 creatures vanquished.

Notes
Turn   | Place    | Note
-------+----------+-------------------------------------------
     0 | D:1      | DocSulfur the Draconian Transmuter began the quest for the
                  | Orb.
     0 | D:1      | Reached XP level 1. HP: 16/16 MP: 3/3
   444 | D:1      | Reached XP level 2. HP: 21/23 MP: 5/5
  1102 | D:2      | Found a white marble altar of Elyvilon.
  1118 | D:2      | Learned a level 2 spell: Wereblood
  1124 | D:2      | Reached XP level 3. HP: 26/28 MP: 4/6
  1428 | D:2      | Reached XP level 4. HP: 36/36 MP: 7/7
  1831 | D:2      | Noticed Jessica
  1844 | D:2      | Killed Jessica
  1845 | D:2      | Reached skill level 4 in Unarmed Combat
  1978 | D:2      | Noticed Natasha
  1988 | D:2      | Killed Natasha
  1989 | D:2      | Reached XP level 5. HP: 32/42 MP: 5/9
  2173 | D:2      | Noticed Natasha
  2189 | D:2      | Killed Natasha
  2207 | D:2      | Noticed Natasha
  2219 | D:2      | Slain by Natasha

Illustrated notes

Levels and vault maps discovered:
D:1:      co_arrival_random_square_maze, layout_rooms, feat_on_display
D:2:      layout_rooms, lemuel_crystal_altar, kennysheep_generic_room_15,
          uniq_natasha, uniq_jessica

Skill      XL: |  1  2  3  4 |
---------------+-------------+-----
Fighting       | 2 |  2.4
Transmutations | 3 |  3.5
Unarmed Combat | 4 |  4.2
Dodging        | |  1.7
Spellcasting   | |  2.7

Action                   |  1- 3 |  4- 6 || total
-------------------------+-------+-------++-------
Melee: Unarmed           |    96 |    58 ||   154
       Kick              |     5 |    15 ||    20
       Tailslap          |     9 |     8 ||    17
       Headbutt          |     9 |     7 ||    16
       Punch             |     1 |     1 ||     2
Throw: Stone             |     2 |       ||     2
 Cast: Beastly Appendage |    16 |     8 ||    24
       Wereblood         |     2 |     8 ||    10
  Use: Potion            |       |     1 ||     1
 Stab: Sleeping          |       |     1 ||     1
Armor: Skin              |    49 |    11 ||    60
Dodge: Dodged            |    74 |    36 ||   110
